 Dungeon Crawl Stone Soup version 0.30-a0-457-g4b7bca3bfa (webtiles) character file.

Game seed: 8564222745438005426

1 sokol815 the Sneak (level 1, 0/14 HPs)
             Began as a Kobold Delver on Dec 13, 2022.
             Slain by a necrophage (6 damage)
             ... on level 4 of the Dungeon.
             The game lasted 00:00:32 (65 turns).

sokol815 the Sneak (Kobold Delver)                    Turns: 65, Time: 00:00:33

Health: 0/14       AC:  3    Str:  9    XL:     1   Next: 22%
Magic:  1/1        EV: 14    Int: 11    God:
Gold:   11         SH:  0    Dex: 16    Spells: 0/0 levels left

rFire   . . .      SeeInvis .    a - +0 short sword
rCold   . . .      Faith    .    (no shield)
rNeg    . . .      Spirit   .    b - +0 leather armour
rPois   .          Reflect  .    (no helmet)
rElec   .          Harm     .    (no cloak)
rCorr   .          Rampage  .    (no gloves)
Will    .....                    (no boots)
Stlth   ++++......               (no amulet)
HPRegen 0.22/turn                (no ring)
MPRegen 0.07/turn                (no ring)

@: hasted, very quick
A: small, no large weapons, nightstalker 3
a: no special abilities


You were on level 4 of the Dungeon.
You visited 1 branch of the dungeon, and saw 2 of its levels.

You collected 11 gold pieces.

Inventory:

Hand Weapons
 a - a +0 short sword (weapon)
 g - a +0 war axe
   (You found it on level 4 of the Dungeon)
Armour
 b - a +0 leather armour (worn)
Wands
 d - a wand of digging (3)
Scrolls
 c - a scroll of fog
 f - a scroll of poison {unknown}
 E - a scroll of fear
 X - a scroll of magic mapping {@r4!r}
Potions
 e - a potion of heal wounds {unknown}


   Skills:
 + Level 3.3 Fighting
 + Level 2.7 Short Blades
 + Level 2.4 Dodging
 + Level 6.6 Stealth


You couldn't memorise any spells.
You didn't know any spells.
Your spell library was empty.

Dungeon Overview and Level Annotations

Branches:
Dungeon (5/15) Zot: 11935
 Temple: D:4-7

Altars:


Innate Abilities, Weirdness & Mutations

You are small and have problems with some larger weapons.
You are completely attuned to the shadows.


Message History

Bad channel name for runrest: 'Jiyva says: Divide and consume' Welcome, sokol815 the Kobold Delver.
The heart of this dungeon contains the fabled artefact, the Orb of Zot.
Found a stone staircase leading down and a stone staircase leading up.
There is a stone staircase leading up here.
You climb upwards.
There is a stone staircase leading down here.
A gnoll comes into view. It is wielding a +0 halberd.
There is a stone staircase leading down here.
A quokka comes into view.
You see here a ruby potion.
The helpless quokka fails to defend itself.
You impale the quokka!!
You kill the quokka!
e - a ruby potion
f - a scroll labelled JEMA YPEIZEADGH You now have 11 gold pieces.
You see here a +0 war axe.
g - a +0 war axe A necrophage comes into view.
The necrophage barely misses you.
You hit the necrophage. The necrophage barely misses you.
You closely miss the necrophage. The necrophage hits you.
You take 2 damage, and have 12/14 hp.
You hit the necrophage. The necrophage closely misses you.
You hit the necrophage. The necrophage barely misses you.
You hit the necrophage but do no damage.
The necrophage hits you.
You take 2 damage, and have 10/14 hp.
You barely miss the necrophage. The necrophage hits you.
You take 4 damage, and have 6/14 hp.
MASSIVE DAMAGE!!
You feel yourself speed up. The necrophage hits you.
You die...

##.....# #.......
###.......
.!..$.... ###.#..#
#...@.## ##..###
..#n#..###.....##.
#
#.##..##.........##
###..###.........##
#..##.##..........
##..#.#..#........
##.....##........
#......###.....##
....#..#####.....#


You could see a necrophage.

Vanquished Creatures
  A quokka (D:4)
1 creature vanquished.

Notes
Turn   | Place    | Note
-------+----------+-------------------------------------------
     0 | D:5      | sokol815 the Kobold Delver began the quest for the Orb.
     0 | D:5      | Reached XP level 1. HP: 14/14 MP: 1/1
    56 | D:4      | Noticed a necrophage
    65 | D:4      | Slain by a necrophage

Illustrated notes

Levels and vault maps discovered:
D:4:      cheibrodos_old_hovel, layout_cave_pools,
          mainiacjoe_overflow_small_starburst, temple_doors_e,
          minmay_misc_feat_tiny, minmay_between
D:5:      layout_cave_pods

Action                   || total
-------------------------++-------
Melee: Short sword       ||     7
  Use: Potion            ||     1
 Stab: Sleeping          ||     1
Dodge: Dodged            ||     4

Table legend: (Time is in decaauts)
 A = Elapsed time spent in this place.
 B = Non-inter-level travel time spent in this place.
 C = Inter-level travel time spent in this place.
 D = Time resting spent in this place.
 E = Time spent auto-exploring this place.
 F = Levels seen in this place.
 G = Mean time per level.
                   A        B        C        D        E       F      G
               +--------+--------+--------+--------+--------+-----+--------+
         Total |     63 |     63 |      0 |      0 |      1 |   2 |   31.5 |
       Dungeon |     63 |     63 |      0 |      0 |      1 |   2 |   31.5 |
               +--------+--------+--------+--------+--------+-----+--------+

Top non-repeatable levels by time:
     D:4: 59 daAuts
     D:5: 4 daAuts

Table legend:
 A = Kills in this place as a percentage of kills in entire the game.
 B = Kills by you in this place as a percentage of kills by you in the entire game.
 C = Kills by friends in this place as a percentage of kills by friends in the entire game.
 D = Other kills in this place as a percentage of other kills in the entire game.
 E = Experience gained in this place as a percentage of experience gained in the entire game.
 F = Experience gained in this place divided by the number of levels of this place that you have seen.
                   A       B       C       D       E      F
               +-------+-------+-------+-------+-------+----------------------
         Total | 100.0 | 100.0 |   N/A |   N/A | 100.0 |   1.0
       Dungeon | 100.0 | 100.0 |   N/A |   N/A | 100.0 |   1.0
               +-------+-------+-------+-------+-------+----------------------
